AoeStats
← Long John Silver

African Clearing

505721173Analyzed
4v4 RM · 22d ago on Sep 10, 2026· 36m 18s· 8 players
Game mode
Random Map
Map size
Large (8 player)
Population
200
Speed
Normal
Resources
Standard
Victory
Conquest
Starting age
Dark Age
Ending age
Imperial Age
RankedLock teamsTeams togetherTeam positionsShared explorationLock speedFull tech treeHidden civsTurbo modeCheats
Victory
Defeat
🇵🇪 Khmer · Peru
1541
+14
🇲🇽 Magyars · Mexico
1526
+14
🇨🇷 Berbers · Costa Rica
1498
+16
🇺🇸 Maya · United States
1435
+18
🇧🇷 Chinese · Brazil
1553
-18
🇻🇳 Mongols · Vietnam
1509
-16
🇳🇱 Wei · Netherlands
1452
-14
🇩🇪 Koreans · Germany
1449
-14
Zilchland
3:15 Loom
13:07 Feudal Age
17:33 Castle Age
16:08 Fletching
18:13 Bodkin Arrow
27:38 Padded Archer Armor
32:30 Ballistics
CoterLee
2:48 Loom
12:03 Feudal Age
12:36 Double-Bit Axe
19:09 Wheelbarrow
19:12 Bloodlines
25:07 Castle Age
23:30 Scale Barding Armor
24:38 Gold Mining
25:31 Light Cavalry
28:47 Husbandry
30:15 Chain Barding Armor
35:35 Bow Saw
Delirios de Autoridad
12:04 Feudal Age
11:24 Loom
12:42 Double-Bit Axe
20:45 Castle Age
19:30 Forging
20:31 Bloodlines
21:16 Scale Barding Armor
20:58 Light Cavalry
29:27 Wheelbarrow
28:39 Town Watch
29:27 Fletching
31:44 Bow Saw
36:59 Imperial Age
34:37 Padded Archer Armor
35:08 Thumb Ring
35:15 Bodkin Arrow
36:39 Leather Archer Armor
KLIKELIN
9:51 Loom
14:16 Feudal Age
17:11 Castle Age
16:06 Horse Collar
22:02 Double-Bit Axe
31:10 Imperial Age
29:24 Bow Saw
34:48 Ballistics
34:36 Siege Engineers
Julio2
3:16 Loom
14:16 Feudal Age
16:12 Double-Bit Axe
18:50 Castle Age
16:43 Stone Mining
16:46 Gold Mining
19:47 Bow Saw
20:14 Wheelbarrow
19:20 Horse Collar
21:36 Fletching
22:50 Town Watch
27:06 Bodkin Arrow
31:33 Gold Shaft Mining
34:57 Imperial Age
34:27 Padded Archer Armor
34:57 Elite Chu Ko Nu
36:01 Bracer
36:42 Ballistics
Window_of_Opportunity
2:53 Loom
14:01 Feudal Age
18:04 Castle Age
23:12 Scale Barding Armor
26:48 Wheelbarrow
28:08 Town Watch
28:43 Hand Cart
28:50 Hand Cart
29:09 Chain Barding Armor
34:00 Forging
This is Kawaii
7:06 Loom
13:34 Feudal Age
15:30 Town Watch
15:34 Double-Bit Axe
18:07 Castle Age
17:32 Fletching
25:04 Horse Collar
Long John Silver
12:03 Feudal Age
12:07 Loom
16:26 Castle Age
19:16 Town Watch
20:07 Wheelbarrow
19:24 Double-Bit Axe
19:20 Horse Collar
24:46 Fletching
Connection lost

Rejoining the realm…

Still unreachable

The connection could not be restored.

Session expired

The server has moved on; the page needs a fresh start.